Cogmind - Beta 16.1 @@@ ROGUE MODE // 2026.04.19 @ 09:10:09 Player: Shimejimeji Result: Self-destructed Performance ------------- Evolutions (0) 0 Regions Visited (3) 600 Robots Destroyed (6) 30 Value Destroyed (77) 77 Prototype IDs (0) 0 Alien Tech Used (0) 0 Bonus (300) 300 TOTAL SCORE: 1007 Bonus ------- Registered with UFD 300 Cogmind --------- Core Integrity 166/250 Matter 300/300 Energy 125/125 System Corruption 0% Temperature Cool (0) Movement Walking (120) Location -9/Scraptown Parts ------- > --- POWER (1) -------- Light Ion Engine > --- PROPULSION (2) --- Aluminum Leg Armored Leg > --- UTILITY (2) ------ Medium Storage Unit Seismic Detector > --- WEAPON (2) ------- CPS Tube CPS Tube > --- INVENTORY (10) --- Ion Engine Aluminum Leg Armored Wheel Large Storage Unit Phase Cannon Heavy Plasma Cannon Improved Light Cannon Mini Grenade Launcher Peak State ------------ > --- POWER ------------ Light Ion Engine > --- PROPULSION ------- Aluminum Leg Armored Leg > --- UTILITY ---------- Medium Storage Unit System Guard > --- WEAPON ----------- CPS Tube CPS Tube > --- INVENTORY -------- Ion Engine Aluminum Leg Armored Wheel Large Storage Unit Seismic Detector Heavy EM Pulse Gun Assault Rifle Improved Light Cannon Mini Grenade Launcher [Rating: 20] Favorites ----------- Power Light Ion Engine Engine Light Ion Engine Propulsion Aluminum Leg Leg Aluminum Leg Utility Seismic Detector Device Seismic Detector Storage Medium Storage Unit Processor System Guard Weapon CPS Tube Energy Gun Medium Laser Ballistic Gun Assault Rifle Launcher Mini Grenade Launcher Special Weapon CPS Tube Build | -11 -10 -10 -9 ------- Run | Yrd Mat Sub Scr Slots Evolved . | . . . . Power . | . . . . Propulsion . | . . . . Utility . | . . . . Weapon . | . . . . Parts Attached 14 | 7 1 . 6 Power 1 | 1 . . . Engine 1 | 1 . . . Core . | . . . . Reactor . | . . . . Propulsion 3 | 2 . . 1 Treads . | . . . . Leg 3 | 2 . . 1 Wheel . | . . . . Hover . | . . . . Flight . | . . . . Utility 5 | 2 1 . 2 Device 1 | 1 . . . Storage 3 | 1 1 . 1 Processor 1 | . . . 1 Hackware . | . . . . Protection . | . . . . Artifact . | . . . . Weapon 5 | 2 . . 3 Energy Gun 1 | 1 . . . Energy Cannon . | . . . . Ballistic Gun 1 | 1 . . . Ballistic Cannon . | . . . . Launcher 1 | . . . 1 Special Weapon 2 | . . . 2 Impact Weapon . | . . . . Slashing Weapon . | . . . . Piercing Weapon . | . . . . Special Melee Weapon . | . . . . Unidentified Prototypes . | . . . . Parts Lost . | . . . . Power . | . . . . Propulsion . | . . . . Utility . | . . . . Weapon . | . . . . Highest Loss Streak . | . . . . To Critical Strikes . | . . . . Average Backups 7 | 3 4 6 8 Power . | . 1 1 1 Propulsion 2 | 1 2 2 2 Utility . | . . 1 1 Weapon 3 | . 1 2 3 Tool/Special . | . . . . Unused Backups 10 | . . . 10 Power 1 | . . . 1 Propulsion 3 | . . . 3 Utility . | . . . . Weapon 6 | . . . 6 Tool/Special . | . . . . Average Slot Usage (%) 87 | . 100 100 83 Engine 14 | . 14 14 14 Leg 28 | . 28 28 28 Device 13 | . 14 14 13 Storage 14 | . 14 14 14 Energy Gun 3 | . 14 14 . Ballistic Gun 3 | . 14 14 . Special Weapon 9 | . . . 11 Peak Build Rating 20 | 7 7 7 20 Average Rating 10 | 5 7 7 11 On Entrance 5 | . 7 7 7 Avg Prop Armor Cover (%) . | . . . . Naked Turns . | . . . . Heaviest Build 16 | 13 13 13 16 Greatest Support 26 | 20 20 20 26 Greatest Overweight (x) 3 | 3 . . . Average Overweight (x) . | . . . . Largest Inventory Capacity 15 | 8 15 8 10 Average Capacity 9 | 7 8 8 9 Most Carried 9 | 4 6 6 9 Average Carried 7 | 3 4 6 8 Final Capacity 10 | 8 8 8 10 Final Carried 8 | 4 6 6 8 Class Distribution -------------------- 100% | Mutant Dominant Class ---------------- Mutant | -10/Materials Mutant | -10/Subcaves Mutant | -9/Scraptown Resources | -11 -10 -10 -9 ----------- Run | Yrd Mat Sub Scr Matter Collected 423 | 300 23 30 70 Remotely . | . . . . Salvage Created 226 | 146 20 60 . Parts 8 | 8 . . . Haulers Intercepted . | . . . . Recyclers Shooed . | . . . . Parts Field Recycled . | . . . . Retrieved Matter . | . . . . Parts Self-Destructed . | . . . . Prevented . | . . . . Parts Restored . | . . . . Kills | -11 -10 -10 -9 ------- Run | Yrd Mat Sub Scr Combat Hostiles Destroyed 2 | . 1 1 . Guns 2 | . 1 1 . Classes Destroyed 4 | 2 1 1 . Tunneler 3 | 3 . . . Recycler 1 | 1 . . . Swarmer 1 | . 1 . . Subdweller 1 | . . 1 . Best Kill Streak 4 | 4 1 1 . Combat Bots Only 1 | . 1 1 . Max Kills in Single Turn 1 | 1 1 1 . Gunslinging . | . . . . Exploded . | . . . . Melee . | . . . . Uniques/NPCs Destroyed . | . . . . Combat | -11 -10 -10 -9 -------- Run | Yrd Mat Sub Scr Hostile Shots Fired 14 | . 5 9 . Missed 3 | . 2 1 . Hits 11 | . 3 8 . Projectile 11 | . 3 8 . Critical Strikes 1 | . . 1 . Damage Taken 250 | . 25 225 . Core 84 | . . 84 . Absorbed by Shields . | . . . . Regen/Repaired (Parts) 328 | . . . 328 Core Remaining (%) 100 | 100 . . . Volleys Fired 21 | 10 4 7 . Largest 2 | 2 2 2 . Hottest 70 | 70 70 70 . Shots Fired 42 | 20 8 14 . Gun 42 | 20 8 14 . Cannon . | . . . . Launcher . | . . . . Special . | . . . . Kinetic 21 | 10 4 7 . Thermal 21 | 10 4 7 . Explosive . | . . . . Electromagnetic . | . . . . Robot Hit Streak 9 | 5 3 9 . Robot Miss Streak 3 | 3 1 1 . Penetration Max . | . . . . Secondary Targets . | . . . . Shots Hit Robots 28 | 11 6 11 . Core Hits 9 | 5 2 2 . Critical Kills . | . . . . Critical Parts Destroyed . | . . . . Critical Strikes 2 | 1 . 1 . Burn 2 | 1 . 1 . Melee Attacks . | . . . . Impact . | . . . . Slashing . | . . . . Piercing . | . . . . Sneak Attacks . | . . . . Combat Hostiles . | . . . . Follow-up Attacks . | . . . . Damage Inflicted 352 | 140 72 140 . Guns 352 | 140 72 140 . Cannons . | . . . . Explosions . | . . . . Melee . | . . . . Ramming . | . . . . Kinetic 213 | 76 47 90 . Thermal 139 | 64 25 50 . Explosive . | . . . . Electromagnetic . | . . . . Impact . | . . . . Slashing . | . . . . Piercing . | . . . . Highest Corruption . | . . . . Average Corruption . | . . . . Corruption Purged . | . . . . Corruption Blocked . | . . . . Overload Shots . | . . . . Overflow Damage . | . . . . Projectiles . | . . . . Explosions . | . . . . Melee . | . . . . Knockbacks . | . . . . Impact . | . . . . Kinetic . | . . . . Secondary . | . . . . Self-Inflicted Damage . | . . . . Shots . | . . . . Rammed . | . . . . Targets Rammed . | . . . . Kicked . | . . . . Crushed . | . . . . Highest Temperature 272 | 72 18 272 . Average Temperature 49 | 32 8 169 . Received Heat Transfer 358 | . . 358 . Siege Activations . | . . . . Martial Activations . | . . . . Shielding Activations . | . . . . Robots Disrupted . | . . . . Combat Hostiles . | . . . . Robots Corrupted . | . . . . Combat Hostiles . | . . . . Parts Fried . | . . . . Impact Corruptions . | . . . . Robots Melted . | . . . . Combat Hostiles . | . . . . Parts Melted 1 | . . 1 . Heat Transferred 555 | 259 74 222 . Parts Sabotaged . | . . . . Parts Stolen . | . . . . Parts Stripped . | . . . . Power Chain Reactions . | . . . . Alert | -11 -10 -10 -9 ------- Run | Yrd Mat Sub Scr Maximum Alert Level . | . . . . Low Security (%) 100 | 100 100 . . Level 1 . | . . . . Level 2 . | . . . . Level 3 . | . . . . Level 4 . | . . . . Level 5 . | . . . . High Security . | . . . . Max Security . | . . . . Peak Influence 30 | 10 30 . . Initial . | . . . . Average 2 | 1 3 . . Influence Increases 50 | 20 30 . . Destroy 0b10 Robot/C 20 | . 20 . . Destroy 0b10 Robot/NC 20 | 20 . . . Destroy Leader 10 | . 10 . . Influence Decreases 50 | 20 30 . . Time Decay 50 | 20 30 . . Squads Dispatched 3 | . 3 . . Investigation 1 | . 1 . . Extermination . | . . . . Reinforcement 2 | . 2 . . Assault . | . . . . Garrison . | . . . . Intercept . | . . . . Searches Triggered . | . . . . Construction Impeded . | . . . . Haulers Reinforced . | . . . . Active Scanning Responses . | . . . . Cargo Convoy Interrupts . | . . . . Stealth | -11 -10 -10 -9 --------- Run | Yrd Mat Sub Scr Distress Signals 1 | . 1 . . Communications Jammed . | . . . . Distress Signals . | . . . . Times Spotted 9 | . 7 2 . Peak Tracking Total 3 | . 3 2 . Tactical Retreats . | . . . . Traps | -11 -10 -10 -9 ------- Run | Yrd Mat Sub Scr Traps Triggered . | . . . . Indirectly . | . . . . Trap Hack Attempts . | . . . . Triggered . | . . . . Disarmed . | . . . . Reprogrammed . | . . . . Reused . | . . . . Traps Extracted . | . . . . Installed . | . . . . Triggered . | . . . . Machines | -11 -10 -10 -9 ---------- Run | Yrd Mat Sub Scr Machines Disabled . | . . . . Max in Single Turn . | . . . . Machines Repaired . | . . . . Machines Dismantled . | . . . . Machines Sabotaged . | . . . . Overloaded Fab Kills . | . . . . Hacking | -11 -10 -10 -9 --------- Run | Yrd Mat Sub Scr Machines Accessed 1 | . . . 1 Terminals . | . . . . Fabricators . | . . . . Repair Stations . | . . . . Recycling Units . | . . . . Scanalyzers . | . . . . Garrison Access . | . . . . Total Hacks 1 | . . . 1 Successful 1 | . . . 1 Failed . | . . . . Catastrophic . | . . . . Database Lockouts . | . . . . Manual . | . . . . Terminals . | . . . . Fabricators . | . . . . Repair Stations . | . . . . Recycling Units . | . . . . Scanalyzers . | . . . . Garrison Access . | . . . . Terminal Hacks 1 | . . . 1 Record 1 | . . . 1 Fabricator Hacks . | . . . . Repair Station Hacks . | . . . . Recycling Unit Hacks . | . . . . Scanalyzer . | . . . . Garrison Access Hacks . | . . . . Unauthorized Hacks . | . . . . Terminals . | . . . . Fabricators . | . . . . Repair Stations . | . . . . Recycling Units . | . . . . Scanalyzers . | . . . . Garrison Access . | . . . . Data Cores Recovered . | . . . . Used . | . . . . Hacking Detections . | . . . . Full Trace Events . | . . . . Feedback Events . | . . . . Feedback Blocked . | . . . . Robot Schematics Acquired . | . . . . Robots Built . | . . . . Authchips . | . . . . Time . | . . . . Total Robot Build Rating . | . . . . Part Schematics Acquired . | . . . . Parts Built . | . . . . Authchips . | . . . . Time . | . . . . Total Part Build Rating . | . . . . Part Studies Acquired . | . . . . Parts Repaired . | . . . . Time . | . . . . Parts Recycled . | . . . . Recycled Matter . | . . . . Retrieved Matter . | . . . . Retrieved Components . | . . . . Parts Scanalyzed . | . . . . Part Schematics Acquired . | . . . . Parts Damaged . | . . . . Bothacking | -11 -10 -10 -9 ------------ Run | Yrd Mat Sub Scr Used RIF Installer . | . . . . Robots Hacked . | . . . . Non-combat . | . . . . Combat . | . . . . Robot Hacks Applied . | . . . . Relay Couplers Released . | . . . . Fabnet Peak Effective % . | . . . . Robots Rewired . | . . . . Allies Hacked . | . . . . Hacks Repelled . | . . . . Allies | -11 -10 -10 -9 -------- Run | Yrd Mat Sub Scr Total Allies . | . . . . Largest Group . | . . . . Highest-Rated Group . | . . . . Highest-Rated Ally . | . . . . Total Orders . | . . . . Ally Attacks . | . . . . Total Damage . | . . . . Kills . | . . . . Allies Corrupted . | . . . . Allies Melted . | . . . . Intel | -11 -10 -10 -9 ------- Run | Yrd Mat Sub Scr Active Infowar (turns) 1772 | 31 169 207 1365 Seismic 1772 | 31 169 207 1365 Robot Analysis Total . | . . . . Derelict Logs Recovered . | . . . . Drone Launches . | . . . . Drone Recoveries . | . . . . Exploration | -11 -10 -10 -9 ------------- Run | Yrd Mat Sub Scr Turns Passed 1856 | 112 169 207 1368 Spaces Moved 1461 | 56 128 156 1121 Core 17 | 17 . . . Treads . | . . . . Legs 1444 | 39 128 156 1121 Wheels . | . . . . Hover . | . . . . Flight . | . . . . Fastest Speed 50 | 50 120 120 120 Average Speed 120 | 121 120 120 120 Slowest Speed 200 | 200 120 120 120 Overloaded Moves . | . . . . Propulsion Burnouts . | . . . . Robots Hopped . | . . . . Potential Cave-ins . | . . . . Cave-ins Triggered . | . . . . Exploration Rate (%) 32 | 5 41 15 70 Regions Visited 3 Branch Regions 2 Pre-discovered Areas . | . . . . Known Exits Taken . | . . . . Unknown Exits Taken 3 | 1 1 1 . Scrap Searched 4 | . . . 4 Spaces Dug . | . . . . Terrain Destroyed . | . . . . Melee . | . . . . Projectile . | . . . . AOE . | . . . . Terrain Rammed . | . . . . Walls Destroyed . | . . . . Machines Disabled . | . . . . Actions | -11 -10 -10 -9 --------- Run | Yrd Mat Sub Scr Total 1520 | 76 134 162 1148 Wait . | . . . . Move 1458 | 55 127 155 1121 Hop . | . . . . Pick Up 13 | 4 1 . 8 Fast Attach 8 | 7 . . 1 Attach 3 | . . . 3 Detach 4 | . . . 4 Swap 5 | . 2 . 3 Drop 8 | . . . 8 Fire 21 | 10 4 7 . Melee . | . . . . Ram . | . . . . Kick . | . . . . Crush . | . . . . Escape Stasis . | . . . . Rewire . | . . . . Trap . | . . . . Miscellaneous . | . . . . Route ------- -11/Scrapyard -10/Materials (discovered 2 exits: [*Min] / [*Sub]) -10/Subcaves (discovered 2 exits: [*Mat] / *Scr) -9/Scraptown (discovered 1 exit: [*Fac]) History --------- Turn | Location | Event 34 | -11/Scrapyard | Discovered new exit (range 14) 113 | -11/Scrapyard | Entered Materials 114 | -10/Materials | Met a group of wandering Federalists 206 | -10/Materials | Discovered new exit (range 9) 273 | -10/Materials | Discovered new exit (range 10) 282 | -10/Materials | Entered Subcaves 282 | -10/Subcaves | Accompanied by 2 allies 283 | -10/Subcaves | Continued accompanying wandering Federalists (3) 287 | -10/Subcaves | Ambushed by Subdwellers from Twisted Machinery 300 | -10/Subcaves | Build established: Mutant 347 | -10/Subcaves | Discovered new exit (range 13) 486 | -10/Subcaves | Wandering Federalist uncovered a shortcut to Scraptown 489 | -10/Subcaves | Entered Scraptown 871 | -9/Scraptown | Discovered new exit (range 3) 951 | -9/Scraptown | Visited Comm Corps 1024 | -9/Scraptown | Visited SPCMW 1050 | -9/Scraptown | Visited CR-KLE's Repair Center 1059 | -9/Scraptown | CR-KLE repaired 5 parts 1089 | -9/Scraptown | Visited Spacefarers 1419 | -9/Scraptown | Visited CPS Storage 1462 | -9/Scraptown | Visited Cyclists 1499 | -9/Scraptown | Visited UFD Registry 1499 | -9/Scraptown | Registered with UFD as "Steeleater" 1552 | -9/Scraptown | Entered Cyclist Reading Room 1583 | -9/Scraptown | Visited Fellowship of the Rings 1836 | -9/Scraptown | Visited Curators Association 1857 | -9/Scraptown | Self-destructed Last Messages --------------- registrar. 01789_ LOCAL NARROWCAST: Closed for remodeling. 01826_ R9-FBL(p) is fixated on the mainframe. 01836_ LOCAL NARROWCAST: Curators Association. Welcome to the latest exhibit, look but don't touch. 45-YXE(c): This piece is on loan from an esteemed patron. Autonomous weapons are extremely dangerous, thus we are presenting this one in its undeployed form. Analysis suggests that when fully deployed it features a devastating kinetic cannon. 45-YXE(c): Subdwellers seem to have a thing for AOE shrapnel, with both a trap and launcher based around the concept. Perhaps it is the result of a somewhat close association between shrapnel and scrap, which they're also fond of. 01857_ 45-YXE(c): "Come one, come all! See for yourself a fine selection of the many wondrous pieces in our collection!" 45-YXE(c): I know, I know, everyone has a Bolt Gun these days. But all our best exhibits were either rotated back to the 0b1 branch or borrowed out for study by ethical researchers. By ethical I mean they won't completely dismantle our precious artifacts. Map ----- +----------------------------------------------------+ | | | ?????????????????????????????????????????????????? | | ?????????????????????????????????????????????????? | | ?????????????????????????????????????????????????? | | #############????????????????????????????????????? | | ""#"""""""""#????????????????????????????????????? | | "#" "#????????????????????????????????????? | | """ "#????????????????????????????????????? | | "#" "" "#????????????????????????????????????? | | "#" " "#????????????????????????????????????? | | "#" "#????????????????????????????????????? | | ""#"" """"""#????????????????????????????????????? | | #????????????????????????????????????? | | #????????????????????????????????????? | | #????????????????????????????????????? | | #"" """"#####????????????????????????????????????? | | #" !%"#????????????????????????????????????????? | | #" =""#????????????????????????????????????????? | | #" """#????????????????????????????????????????? | | #" """#????????????????????????????????????????? | | #"""""""#????????????????????????????????????????? | | #########?????????????##??###????????????????????? | | ??????????????????????#"###"#????????????????????? | | ????????#####??????#### "[" ####?????????????????? | | ####????#"""###????#" """ "#?????????????????? | | #????# X#?????#"" @ ""#??????????????????? | | #????# "#?????#]" "]#??????????????????? | | #????# X#????##"" ""##?????????????????? | | #????# #"""#????#" c "#?????????????????? | | ###### #####????##"" ""##?????????????????? | | #" "#?????#!" "&#??????????????????? | | #X "#????##"" ""##?????????????????? | | #" "#????#" "#?????????????????? | | # #????########## ##?????????????????? | | ##### ##########???????##### ##########?????????? | | #???????#"""" """"""""""" ""?????? | | #???????#" ????? | | #???????#" ????? | | #???????#" ????? | | #???????#" ????? | | ####### #???#####" ????? | | ??????# #???#"""" """""""""""""?????? | | ??????# #???#"""" """"""""""????????? | | ??????# #???#"""" ""######??????????? | | ??????# #???#"""" ""#???????????????? | | "?????# #???#"""" ""#?? ??????????? | | "#????# ###?#"""" ""#? "???????????? | | "#????# ""#"#"""" ""# "" ?????????? | | "#????# """"#"""" ""# " ???????? | | "#????# ""#######" "" ""????????? | +----------------------------------------------------+ Best States ------------- Heat Dissipation 25 Energy Generation 10 Energy Capacity 125 Matter Stores 300 Matter Capacity 300 Sight Range 16 Terrain Scan Density 10 Evasion (%) 55 Item Schematics ----------------- None Robot Schematics ------------------ None Fabricated ------------ Nothing Repaired ---------- Nothing Studied --------- None Alien Tech Used ----------------- None Achievements -------------- Strength In Numbers Challenges ------------ None Game ------ Seed WeldingThrusterReconstructor Manual? 0 Play Time 00:21:02 Cumulative 29.1 hours Start 2026.04.19 @ 08:51:49 End 2026.04.19 @ 09:10:09 Sessions 1 Manual Loads 0 Difficulty Rogue Special Mode None Game No. 23 Rogue 23 Adventurer 0 Explorer 0 Win Type - Total 0 Types 0/0/0/0/0/0/0/0/0/0 Lore% 27 Gallery% 21 Achievement% 21 Wizard Run 0 Options --------- Layout 0 ASCII 0 Keyboard 1 Movement Arrows Keybinds 0 Fullscreen 2 Font 18/SmallcapsGlow Map View 76x50 Zoom Use 0% Tactical HUD 1 Map Filters NONE Filters NONE Steam 1 RUN: c74f73af-9800-49f7-93b4-a97493619fd8